 Dungeon Crawl Stone Soup version 0.32-a0-128-g77eb882913 (webtiles) character file.

Game seed: 14250217900704586860

502 Dittersdorf the Covered (level 7, -2/44 HPs)
             Began as a Gargoyle Fighter on Feb 7, 2024.
             Slain by a river rat (4 damage)
             ... summoned by Eustachio
             ... on level 4 of the Dungeon.
             The game lasted 00:04:42 (3366 turns).

Dittersdorf the Covered (Gargoyle Fighter)          Turns: 3366, Time: 00:04:43

Health: -2/44      AC: 19    Str: 22    XL:     7   Next: 17%
Magic:  7/7        EV:  8    Int:  8    God:
Gold:   299        SH:  4    Dex:  9    Spells: 6/6 levels left

rFire   . . .        g - +1 flail (heavy)
rCold   . . .        c - +0 buckler
rNeg    + . .        h - +0 chain mail
rPois   ∞            o - +0 helmet
rElec   +            r - +0 cloak
rCorr   .            b - +0 pair of gloves
SInv    +            q - +0 pair of boots
Will    +....        (no amulet) Stlth
                     s - ring of see invisible
HPRegen 0.27/turn    p - ring of willpower
MPRegen 0.10/turn

%: no passive effects
@: no status effects
A: sickness immunity, AC +4, negative energy resistance 1, electricity
resistance, torment resistance 1, petrification resistance
a: no special abilities


You were on level 4 of the Dungeon.
You visited 1 branch of the dungeon, and saw 4 of its levels.

You collected 299 gold pieces.

Inventory:

Hand Weapons
 a - a +0 flail
 g - a +1 heavy flail (weapon)
Armour
 b - a +0 pair of gloves (worn)
 c - a +0 buckler (worn)
 h - a +0 chain mail (worn)
 o - a +0 helmet (worn)
 q - a +0 pair of boots (worn)
 r - a +0 cloak (worn)
Jewellery
 l - a ring of magical power
 p - a ring of willpower (right hand)
 s - a ring of see invisible (left hand)
 u - an amulet of the acrobat
Wands
 v - a wand of mindburst (17) (quivered)
Scrolls
 e - a scroll of brand weapon {unknown}
 f - a scroll of immolation {unknown}
 j - a scroll of blinking {unknown}
 m - a scroll of fear {unknown}
 n - 3 scrolls of teleportation {unknown}
 t - a scroll of torment {unknown}
Potions
 d - a potion of might
 i - 2 potions of heal wounds
 k - a potion of invisibility


   Skills:
 + Level 5.1 Fighting
 + Level 4.1 Maces & Flails
 + Level 5.2 Armour
 + Level 5.1 Shields


You had 6 spell levels left.
You didn't know any spells.
Your spell library contained the following spells:

 Spells                   Type           Power      Damage    Failure   Level
 Lesser Beckoning         Tloc           0%         N/A       99%         2
 Gell's Gravitas          Tloc           0%         N/A       100%        3
 Teleport Other           Tloc           0%         N/A       100%        3


Dungeon Overview and Level Annotations

Branches:
Dungeon (4/15)
 Temple: D:4-7

Altars:
Makhleb
Ru
Wu Jian

Shops:
D:1 *   D:4 *

Annotations:
D:4 Eustachio


Innate Abilities, Weirdness & Mutations

You are immune to sickness and miasma.
Your stone body is resilient. (AC +4)
You are immune to poison.
You resist negative energy. (rN+)
You are resistant to electric shocks. (rElec)
You are resistant to unholy torment.
You are immune to petrification.


Message History

The river rat bites you.
* * * LOW HITPOINT WARNING * * *
The adder bites you but does no damage. You block the river rat's attack.
The rat completely misses you.
You closely miss the adder.
The adder is heavily wounded.
The quasit bites you but does no damage.
The quasit claws you but does no damage. x2
The adder closely misses you. You block Eustachio's attack.
The quokka bites you.
* * * LOW HITPOINT WARNING * * *
The river rat completely misses you. The river rat bites you.
* * * LOW HITPOINT WARNING * * *
The quasit barely misses you. x2; The quasit closely misses you.
The rat bites you but does no damage. The adder bites you but does no damage.
The quokka barely misses you. Eustachio hits you but does no damage.
You barely miss the adder.
The adder is heavily wounded.
The quasit bites you but does no damage.
The quasit claws you but does no damage.
The quasit closely misses you. The river rat bites you.
* * * LOW HITPOINT WARNING * * *
The adder bites you but does no damage.
The river rat bites you but does no damage.
The rat bites you but does no damage. The quokka closely misses you.
The quasit bites you but does no damage.
The quasit claws you but does no damage.
You block the quasit's attack. Eustachio hits you but does no damage.
The river rat closely misses you.
The river rat bites you but does no damage.
The adder barely misses you. The rat bites you.
* * * LOW HITPOINT WARNING * * *
The quokka bites you but does no damage.
The quasit bites you but does no damage.
The quasit claws you but does no damage.
The quasit closely misses you. You block Eustachio's attack.
You hit the quokka.
The quokka is severely wounded.
The adder barely misses you. The river rat bites you.
You die...

#.###.......# #.#
#.#####.# #.###.#
#.#### #.#...# #....#
#.#.#.# #.##.#
###.#.#.#####.##.###
....#.#.......##5..#
...............r5r.###
.##.).......>..r@r5..#
.####.##.#######@S##.#
.####.##.# #..# .#
...##.##.# #..# #
###.#.##.#### #..# #
##......... ...#
#.....##### ...# #
##.#........ ....
###.##.########....


You could see Eustachio, an iron imp (summoned), a quasit (summoned), an adder,
2 river rats, an ufetubus (summoned), a quokka (summoned) and a rat (summoned).

Vanquished Creatures
  Menkaure (D:4)
  Edmund (D:4)
  A scorpion (D:4)
  An orc priest (D:4)
  Crazy Yiuf (D:2)
  Terence (D:2)
  Robin (D:2)
  3 adders
  2 ribbon worms
  9 orcs
  7 bats
  4 endoplasms
  A giant cockroach (D:2)
  9 goblins
  9 hobgoblins
  A jackal (D:3)
  A kobold (D:1)
  3 quokkas (D:3)
  8 ball pythons
  3 frilled lizards (D:2)
  6 rats
73 creatures vanquished.

Notes
Turn   | Place    | Note
-------+----------+-------------------------------------------
     0 | D:1      | Dittersdorf the Gargoyle Fighter began the quest for the
                  | Orb.
     0 | D:1      | Reached XP level 1. HP: 14/14 MP: 1/1
   123 | D:1      | Reached XP level 2. HP: 19/19 MP: 2/2
   147 | D:1      | Found Oxzag's Assorted Antiques.
   836 | D:2      | Noticed Terence
   847 | D:2      | Killed Terence
   848 | D:2      | Reached XP level 3. HP: 23/24 MP: 3/3
   932 | D:2      | Reached XP level 4. HP: 28/29 MP: 4/4
  1127 | D:2      | Noticed Robin
  1156 | D:2      | Killed Robin
  1245 | D:2      | Found a runed translucent door.
  1246 | D:2      | Noticed Crazy Yiuf
  1627 | D:2      | Killed Crazy Yiuf
  1628 | D:2      | Reached XP level 5. HP: 6/33 MP: 5/5
  1809 | D:3      | Found a burning altar of Makhleb.
  1820 | D:3      | Found a sacrificial altar of Ru.
  1945 | D:3      | Found an ornate altar of the Wu Jian Council.
  2575 | D:4      | Found Efuelang's Gadget Gallery.
  2650 | D:4      | Noticed Menkaure
  2977 | D:4      | Reached XP level 6. HP: 36/39 MP: 6/6
  3030 | D:4      | Killed Menkaure
  3056 | D:4      | Noticed Edmund
  3069 | D:4      | Killed Edmund
  3070 | D:4      | Reached skill level 5 in Fighting
  3070 | D:4      | Reached skill level 5 in Armour
  3070 | D:4      | Reached skill level 5 in Shields
  3070 | D:4      | Reached XP level 7. HP: 20/44 MP: 7/7
  3348 | D:4      | Noticed Eustachio
  3365 | D:4      | HP: 2/44 [rat[Eustachio] (1)]
  3366 | D:4      | Slain by a river rat

Illustrated notes

Levels and vault maps discovered:
D:1:      dpeg_arrival_arbitrary_c, layout_loops_corners, serial_shops,
          nicolae_shop_waterfront, st_stairs_14, corexii_hall_statues_deadend
D:2:      layout_rooms, uniq_crazy_yiuf_cottage, uniq_terence, uniq_robin
D:3:      layout_basic, lemuel_doored_altar,
          mainiacjoe_overflow_large_starburst, minmay_distorted
D:4:      layout_loops_ring, minivault_4, nicolae_shop_gadgets, uniq_eustachio,
          uniq_edmund, uniq_menkaure

Skill      XL: |  1  2  3  4  5  6 |
---------------+-------------------+-----
Armour         | 4 5 |  5.2
Fighting       | 4 5 |  5.1
Shields        | 4 5 |  5.1
Maces & Flails | 3 4 |  4.1

Action                     |  1- 3 |  4- 6 |  7- 9 || total
---------------------------+-------+-------+-------++-------
  Melee: Flail             |    73 |   201 |    14 ||   288
  Evoke: Wand              |       |       |     1 ||     1
    Use: Scroll            |       |     6 |       ||     6
         Potion            |       |     1 |       ||     1
 Armour: Chain mail        |    55 |   166 |   118 ||   339
  Dodge: Dodged            |    19 |    89 |    67 ||   175
  Block: Buckler           |    16 |    51 |    23 ||    90

Table legend: (Time is in decaauts)
 A = Elapsed time spent in this place.
 B = Non-inter-level travel time spent in this place.
 C = Inter-level travel time spent in this place.
 D = Time resting spent in this place.
 E = Time spent auto-exploring this place.
 F = Levels seen in this place.
 G = Mean time per level.
                   A        B        C        D        E       F      G
               +--------+--------+--------+--------+--------+-----+--------+
         Total |   3458 |   3349 |    109 |    314 |   2293 |   4 |  864.5 |
       Dungeon |   3458 |   3349 |    109 |    314 |   2293 |   4 |  864.5 |
               +--------+--------+--------+--------+--------+-----+--------+

Top non-repeatable levels by time:
     D:2: 983 daAuts
     D:1: 850 daAuts
     D:4: 828 daAuts
     D:3: 795 daAuts
